 Dungeon Crawl Stone Soup version 0.31-a0-233-g139696dc86 (webtiles) character file.

Game seed: 8321561630109937855

333 qw the Shooter (level 6, -10/52 HPs)
             Began as a Minotaur Hexslinger on July 9, 2023.
             Mangled by a two-headed ogre
             ... wielding a +0 giant club
              (20 damage)
             ... on level 5 of the Dungeon.
             The game lasted 00:01:30 (3636 turns).

qw the Shooter (Minotaur Hexslinger)                Turns: 3636, Time: 00:01:30

Health: -10/52     AC: 10    Str: 12    XL:     6   Next: 27%
Magic:  6/6        EV: 11    Int: 10    God:
Gold:   171        SH:  0    Dex: 15    Spells: 6/7 levels left

rFire   . . .        Y - +1 sling
rCold   . . .        (no shield)
rNeg    . . .        a - +0 ring mail
rPois   .            (helmet restricted)
rElec   .            (no cloak)
rCorr   .            h - +0 pair of gloves
SInv    .            (no boots)
Will    .....        (no amulet) Stlth
                     e - +4 ring of protection
HPRegen 0.28/turn    (no ring)
MPRegen 0.10/turn

%: no passive effects
@: confused
A: horns 2, retaliatory headbutt
a: no special abilities


You were on level 5 of the Dungeon.
You visited 1 branch of the dungeon, and saw 5 of its levels.

You collected 236 gold pieces.
You spent 65 gold pieces at shops.


Innate Abilities, Weirdness & Mutations

You have a pair of horns on your head.
You reflexively headbutt those who attack you in melee.


   Skills:
 - Level 4.1 Fighting
 + Level 6.1 Ranged Weapons
 - Level 1.3 Armour
 - Level 2.1 Dodging
 - Level 1.0 Spellcasting
 - Level 2.0 Hexes


You had 6 spell levels left.
You knew the following spells:

 Your Spells              Type           Power      Damage    Failure   Level
a - Slow                  Hex            16%        N/A       32%         1

Your spell library contained the following spells:

 Spells                   Type           Power      Damage    Failure   Level
 Inner Flame              Hex/Fire       2%         N/A       83%         3
 Portal Projectile        Hex/Tloc       4%         N/A       83%         3
 Cause Fear               Hex            2%         N/A       97%         4

Inventory:

Hand Weapons
 Y - a +1 sling (weapon)
Armour
 a - a +0 ring mail (worn)
 h - a +0 pair of gloves (worn)
Jewellery
 e - a +4 ring of protection (left hand)
Scrolls
 b - 2 scrolls of teleportation
 c - 3 scrolls of identify
Potions
 d - a potion of cancellation
 g - a potion of degeneration {unknown}

Dungeon Overview and Level Annotations

Branches:
Dungeon (5/15)
 Temple: D:4-7

Altars:
Ashenzari
The Shining One

Shops:
D:3 ?

Annotations:
D:2 1 runed translucent door, Crazy Yiuf
D:5 Edmund


Message History

The sling bullet hits the jackal!
You kill the jackal!
The jackal barely misses you. Something hits you but does no damage.
The jackal bites you but does no damage.
You shoot a sling bullet.
The sling bullet barely misses the two-headed ogre.
The jackal closely misses you. Something completely misses you.
The orc hits you with a +0 flail.
The jackal bites you but does no damage.
The orc barely misses you.
The two-headed ogre hits you but does no damage.
The two-headed ogre closely misses you. Something hits you.
You shoot a sling bullet.
The sling bullet hits the two-headed ogre.
The two-headed ogre is lightly wounded.
The jackal barely misses you. The jackal misses you. You furiously retaliate!
You headbutt the jackal!
You kill the jackal!
The orc barely misses you. Something hits you but does no damage.
An orc comes into view. It is wielding a +0 hand axe.
The jackal bites you but does no damage.
You shoot a sling bullet.
The sling bullet hits the two-headed ogre but does no damage.
The two-headed ogre is lightly wounded.
The two-headed ogre hits you with a +0 giant club.
The two-headed ogre hits you with a +0 giant club!
The jackal closely misses you. You furiously retaliate!
You headbutt the jackal.
You kill the jackal!
The orc hits you with a +0 mace.
You hear some strange, mumbled words.
You are confused.
The orc closely misses you.
3636 ||| DRINKING potion of heal wounds.
You feel much better. The orc hits you with a +0 mace.
Something hits you but does no damage.
An orc comes into view. It is wielding a +0 dagger.
The orc hits you with a +0 flail. Edmund hits you with a +2 heavy flail.
The two-headed ogre hits you with a +0 giant club!
The two-headed ogre hits you with a +0 giant club!!
You die...

##....##....
#......#....
##..........
#........... #
#........... ##.
##.......... #..#####
##........##
###..{#..###.........#.
#....o@...###..........
......oO@..####.......#.
.#.....o....# ##........
#.....#....####.......#
##....#......#####....#
....o.#........##^.....
..###......#.......####.
.. o.####.#...###.##<..
.. #......# #####..


You could see a two-headed ogre, Edmund and 5 orcs.

Vanquished Creatures
  A phantom (D:4)
  A hound (D:3)
  Jessica (D:2)
  An orc wizard (D:4)
  6 adders
  An ufetubus (D:4)
  A worm (D:3)
  4 dart slugs
  19 orcs
  5 ball pythons
  5 endoplasms
  2 giant cockroaches
  6 goblins
  4 hobgoblins
  4 jackals
  6 quokkas
  7 bats
  3 frilled lizards
  7 kobolds
  7 rats
91 creatures vanquished.

Notes
Turn   | Place    | Note
-------+----------+-------------------------------------------
     0 | D:1      | qw the Minotaur Hexslinger began the quest for the Orb.
     0 | D:1      | Reached XP level 1. HP: 16/16 MP: 1/1
     0 | D:1      | 0 ||| qw: Version: 0.3-a-51-g015441d
     0 | D:1      | 0 ||| qw: Game counter: 4013
     0 | D:1      | 0 ||| qw: Melee chars always use a shield: true
     0 | D:1      | 0 ||| qw: God list: Okawaru
     0 | D:1      | 0 ||| qw: Allow faded altars: false
     0 | D:1      | 0 ||| qw: Do Orc after clearing Dungeon:15 true
     0 | D:1      | 0 ||| qw: Do second Lair branch before Depths: true
     0 | D:1      | 0 ||| qw: Lair rune preference: random
     0 | D:1      | 0 ||| qw: Goals: Normal
     0 | D:1      | 0 ||| PLANNING D:1-11
   383 | D:1      | Found a faded altar of an unknown god.
   386 | D:1      | You fall into a shaft and drop 1 floor!
   387 | D:2      | 387 ||| STAIRDANCE
   390 | D:1      | Reached skill level 3 in Ranged Weapons
   399 | D:1      | Reached XP level 2. HP: 14/23 MP: 2/2
   875 | D:1      | 875 ||| UPGRADING to +0 leather armour.
   885 | D:1      | 885 ||| DROPPING +0 robe.
   886 | D:1      | 886 ||| UPGRADING to +0 pair of gloves.
   891 | D:1      | 891 ||| READING scroll labelled VEEMUJ WUGI.
   892 | D:1      | 892 ||| READING scroll labelled CODUTREMAN.
   893 | D:1      | 893 ||| READING scroll labelled XAKAPS MEOLE.
   894 | D:1      | 894 ||| READING scroll labelled SEODEOBERI.
   895 | D:1      | 895 ||| DROPPING scroll of poison.
   938 | D:2      | Found a broken altar of Ashenzari.
   980 | D:2      | Reached XP level 3. HP: 29/29 MP: 3/3
  1000 | D:2      | Noticed Jessica
  1006 | D:2      | Killed Jessica
  1007 | D:2      | Reached skill level 4 in Ranged Weapons
  1101 | D:2      | Reached XP level 4. HP: 27/36 MP: 4/4
  1288 | D:2      | Found a runed translucent door.
  1289 | D:2      | Noticed Crazy Yiuf
  1460 | D:2      | Reached skill level 5 in Ranged Weapons
  1554 | D:2      | 1554 ||| READING scroll labelled JISONI WAYNYUKIM.
  1655 | D:2      | 1655 ||| READING scroll labelled NIRA VOGINK.
  1709 | D:2      | 1709 ||| READING 2 scrolls labelled ONYVVA HEZIO.
  1710 | D:2      | 1710 ||| DRINKING 2 golden potions.
  1711 | D:2      | 1711 ||| READING 2 scrolls of identify.
  1711 | D:2      | 1711 ||| IDENTIFYING sedimented yellow potion
  1712 | D:2      | 1712 ||| DROPPING scroll of noise.
  1804 | D:3      | Found The Oracle's Delphic Readings.
  1808 | D:3      | 1808 ||| BUYING scroll of identify (26 gold).
  1808 | D:3      | Bought a scroll of identify for 26 gold pieces
  1808 | D:3      | 1808 ||| BUYING scroll of teleportation (39 gold).
  1808 | D:3      | Bought a scroll of teleportation for 39 gold pieces
  1859 | D:3      | Reached skill level 3 in Fighting
  1879 | D:3      | 1879 ||| FLEEEEING.
  1880 | D:3      | 1880 ||| FLEEEEING.
  2094 | D:3      | Reached XP level 5. HP: 43/45 MP: 5/5
  2514 | D:3      | 2514 ||| UPGRADING to +0 ring mail.
  2524 | D:3      | 2524 ||| DROPPING +0 leather armour.
  2525 | D:3      | 2525 ||| READING scroll labelled CATOEMPASCH.
  2526 | D:3      | 2526 ||| READING 5 scrolls of identify.
  2526 | D:3      | 2526 ||| IDENTIFYING sedimented amethyst potion
  2527 | D:3      | 2527 ||| DROPPING potion of ambrosia.
  2632 | D:4      | Reached skill level 1 in Armour
  2855 | D:4      | Found a glowing golden altar of the Shining One.
  2863 | D:4      | 2863 ||| DRINKING potion of curing.
  2863 | D:4      | 2863 ||| (to cure confusion)
  2900 | D:4      | Reached skill level 6 in Ranged Weapons
  3113 | D:4      | Noticed a phantom
  3137 | D:4      | Killed a phantom
  3138 | D:4      | Reached XP level 6. HP: 25/52 MP: 6/6
  3138 | D:4      | 3138 ||| FLEEEEING.
  3139 | D:4      | 3139 ||| FLEEEEING.
  3140 | D:4      | 3140 ||| FLEEEEING.
  3141 | D:4      | 3141 ||| FLEEEEING.
  3146 | D:4      | 3146 ||| FLEEEEING.
  3147 | D:4      | 3147 ||| FLEEEEING.
  3148 | D:4      | 3148 ||| FLEEEEING.
  3152 | D:4      | 3152 ||| FLEEEEING.
  3153 | D:4      | 3153 ||| FLEEEEING.
  3154 | D:4      | 3154 ||| FLEEEEING.
  3155 | D:4      | 3155 ||| FLEEEEING.
  3527 | D:4      | 3527 ||| UPGRADING to +4 ring of protection.
  3528 | D:4      | 3528 ||| READING scroll labelled NARUIF TAFFUM.
  3529 | D:4      | 3529 ||| READING 4 scrolls of identify.
  3529 | D:4      | 3529 ||| IDENTIFYING bubbling dark potion
  3556 | D:5      | Entered Level 5 of the Dungeon
  3624 | D:5      | Noticed a two-headed ogre
  3628 | D:5      | Noticed Edmund
  3635 | D:5      | HP: 13/52 [orc/+0 mace (3)]
  3636 | D:5      | 3636 ||| DRINKING potion of heal wounds.
  3636 | D:5      | Mangled by a two-headed ogre

Levels and vault maps discovered:
D:1:      dpeg_arrival_brainrot, layout_loops_corners,
          chequers_ecumenical_altar_simple
D:2:      layout_rooms, basic_altar, uniq_crazy_yiuf_cottage, uniq_jessica
D:3:      layout_loops_ring, nicolae_nh_oracle_at_delphi
D:4:      layout_basic, mainiacjoe_overflow_tiny_flanked, minivault_23,
          kennysheep_crisscross
D:5:      layout_cave_pools, mainiacjoe_overflow_alcove_4,
          mainiacjoe_overflow_large_starburst, uniq_eustachio, uniq_edmund

Skill      XL: |  1  2  3  4  5 |
---------------+----------------+-----
Ranged Weapons | 3 4 5 6 |  6.1
Fighting       | 2 3 4 |  4.1
Armour         | 1 |  1.3
Dodging        | |  2.1
Spellcasting   | |  1.0
Hexes          | |  2.0

Action                     |  1- 3 |  4- 6 || total
---------------------------+-------+-------++-------
   Fire: Sling             |    85 |   246 ||   331
    Use: Scroll            |     4 |     8 ||    12
         Potion            |       |     3 ||     3
 Armour: Robe              |     5 |       ||     5
         Leather armour    |     4 |    18 ||    22
         Ring mail         |       |    50 ||    50
  Dodge: Dodged            |    32 |    84 ||   116

Table legend:
 A = Non-vault XP
 B = Vault XP
 C = Vault XP percentage of total XP
 D = Non-vault monster count
 E = Vault monster count
 F = Vault count percentage of total count
                 A         B        C        D         E       F
            +---------+---------+-------+---------+---------+-------
      Total |     436 |      41 |   8.6 |      87 |       4 |   4.4
            +---------+---------+-------+---------+---------+-------
        D:1 |      30 |       2 |   6.2 |      15 |       1 |   6.2
        D:2 |      85 |      37 |  30.3 |      23 |       1 |   4.2
        D:3 |      91 |       2 |   2.2 |      23 |       2 |   8.0
        D:4 |     215 |       0 |   0.0 |      20 |       0 |   0.0
        D:5 |      15 |       0 |   0.0 |       6 |       0 |   0.0
            +---------+---------+-------+---------+---------+-------
